[ AOE2 MATCH · #474014999 ]
UnrankedChinese vs Georgians
[ REPLAY ANALYSIS · EXTRACTED FROM THE RECORDED GAME ]
Feudal
13:30
Castle
18:17
Imperial
—
| APM avg | 20.8 |
| APM peak | 78 |
| eAPM avg | 11.6 |
| Villagers / military | 36 / 0 |
Focus
⚔️ 10.4% · 🌾 89.6%
Feudal
12:55
Castle
18:48
Imperial
—
| APM avg | 20.2 |
| APM peak | 66 |
| eAPM avg | 7.2 |
| Villagers / military | 38 / 20 |
Focus
⚔️ 26.1% · 🌾 73.9%
Militia ×15 · Fishing Ship ×5 · Battering Ram ×4 · Fire Galley ×1
Feudal
—
Castle
—
Imperial
—
| APM avg | 18.2 |
| APM peak | 33 |
| eAPM avg | 9.3 |
| Villagers / military | 75 / 0 |
Focus
⚔️ 24.1% · 🌾 75.9%
Fishing Ship ×6
Feudal
13:05
Castle
16:43
Imperial
—
| APM avg | 40.2 |
| APM peak | 79 |
| eAPM avg | 17.1 |
| Villagers / military | 66 / 17 |
Focus
⚔️ 35.9% · 🌾 64.1%
Mangudai ×17 · Fishing Ship ×10
Feudal
14:00
Castle
27:24
Imperial
—
| APM avg | 28.4 |
| APM peak | 56 |
| eAPM avg | 12.5 |
| Villagers / military | 65 / 7 |
Focus
⚔️ 20.5% · 🌾 79.5%
Fishing Ship ×17 · Archer ×3 · Skirmisher ×3 · Spearman ×1
Feudal
13:54
Castle
20:39
Imperial
—
| APM avg | 23.3 |
| APM peak | 41 |
| eAPM avg | 16.3 |
| Villagers / military | 92 / 15 |
Focus
⚔️ 16.9% · 🌾 83.1%
Fishing Ship ×17 · Galley ×13 · Boyar ×2
Feudal
13:31
Castle
17:40
Imperial
—
| APM avg | 29.3 |
| APM peak | 55 |
| eAPM avg | 16.3 |
| Villagers / military | 57 / 0 |
Focus
⚔️ 14.8% · 🌾 85.2%
Unknown (1949) ×10 · Fishing Ship ×7 · Unknown (2626) ×2
Feudal
13:31
Castle
17:44
Imperial
—
| APM avg | 32.5 |
| APM peak | 74 |
| eAPM avg | 16.2 |
| Villagers / military | 47 / 12 |
Focus
⚔️ 24.2% · 🌾 75.8%
Conquistador ×12 · Fishing Ship ×8
Match map
Initial resources + every placement click. Lines = walls · curves = elevation contours. ◆ gold · ⬟ stone · ● berries · ✦ relic · ◌ wall gap
Your base· Open — 12t gap
Neinkaiser's base· Open — 5t gap
NWGHOST7888's base· Open — 15t gap
chiyansky's base· Open — 13t gap
alien_jr's base· Open — 8t gap
Criminalss's base· Open — 11t gap
The_ Rock's base· Open — 2t gap
HD_JAGUAR's base· Open — unwalled flank
Smoothed initial terrain · ◌ = detected wall gap · hover for details
Inputs per minute
— JereMafia DonKara - - Neinkaiser
Build order — JereMafia DonKara
70 actions detected in the replay
| 0:19 | Build | Town Center |
| 2:44 | Research | Loom |
| 2:45 | Research | Loom |
| 3:21 | Create | Villager (Male) |
| 3:21 | Create | Villager (Male) |
| 3:50 | Create | Villager (Male) |
| 3:50 | Create | Villager (Male) |
| 4:24 | Create | Villager (Male) |
| 4:24 | Create | Villager (Male) |
| 4:56 | Create | Villager (Male) |
| 4:56 | Create | Villager (Male) |
| 5:26 | Create | Villager (Male) |
| 5:26 | Create | Villager (Male) |
| 5:26 | Create | Villager (Male) |
| 5:56 | Create | Villager (Male) |
| 6:17 | Create | Villager (Male) |
| 6:17 | Create | Villager (Male) |
| 6:37 | Build | House |
| 7:01 | Create | Villager (Male) |
| 7:02 | Create | Villager (Male) |
| 7:21 | Build | Mill |
| 7:27 | Create | Villager (Male) |
| 7:27 | Create | Villager (Male) |
| 7:54 | Create | Villager (Male) |
| 7:55 | Create | Villager (Male) |
| 7:55 | Create | Villager (Male) |
| 8:32 | Create | Villager (Male) |
| 8:54 | Build | Farm |
| 9:05 | Create | Villager (Male) |
| 9:08 | Build | Farm |
| 9:08 | Build | Farm |
| 9:14 | Build | House |
| 9:21 | Create | Villager (Male) |
| 9:21 | Create | Villager (Male) |
| 9:42 | Build | Mining Camp |
| 10:25 | Create | Villager (Male) |
| 10:54 | Create | Villager (Male) |
| 11:10 | Build | House |
| 11:20 | Research | Feudal Age |
| 11:20 | Research | Feudal Age |
| 11:37 | Build | House |
| 11:38 | Build | House |
| 11:44 | Build | House |
| 12:19 | Build | Farm |
| 12:19 | Build | Farm |
| 13:14 | Create | Villager (Male) |
| 13:15 | Create | Villager (Male) |
| 13:30 | Age | Feudal Age |
| 13:34 | Build | Market |
| 13:37 | Build | Blacksmith |
| 13:42 | Build | House |
| 14:22 | Build | Farm |
| 14:22 | Build | Farm |
| 14:22 | Build | Farm |
| 14:25 | Build | Farm |
| 14:27 | Create | Villager (Male) |
| 14:58 | Build | Mining Camp |
| 15:37 | Research | Castle Age |
| 15:38 | Research | Castle Age |
| 15:38 | Research | Castle Age |
| 15:56 | Build | Outpost |
| 16:06 | Build | Outpost |
| 16:09 | Create | Villager (Male) |
| 17:58 | Create | Villager (Male) |
| 17:58 | Create | Villager (Male) |
| 18:17 | Age | Castle Age |
| 18:43 | Build | Castle |
| 19:19 | Create | Villager (Male) |
| 20:04 | Create | Villager (Male) |
| 20:04 | Create | Villager (Male) |
Build order — Neinkaiser
98 actions detected in the replay
| 0:07 | Build | Town Center |
| 0:15 | Build | House |
| 1:36 | Build | Dock |
| 2:31 | Create | Villager (Male) |
| 2:31 | Create | Villager (Male) |
| 2:31 | Create | Villager (Male) |
| 2:32 | Create | Villager (Male) |
| 2:32 | Create | Villager (Male) |
| 3:35 | Create | Fishing Ship |
| 4:10 | Research | Loom |
| 4:33 | Create | Fishing Ship |
| 4:36 | Create | Villager (Male) |
| 5:05 | Build | House |
| 5:21 | Create | Fishing Ship |
| 5:33 | Build | House |
| 5:39 | Create | Villager (Male) |
| 5:40 | Create | Villager (Male) |
| 6:24 | Create | Villager (Male) |
| 6:24 | Create | Villager (Male) |
| 6:40 | Create | Fishing Ship |
| 7:12 | Create | Villager (Male) |
| 7:12 | Create | Villager (Male) |
| 7:13 | Create | Villager (Male) |
| 7:22 | Build | Lumber Camp |
| 7:50 | Create | Villager (Male) |
| 8:04 | Create | Fishing Ship |
| 8:23 | Create | Villager (Male) |
| 8:23 | Create | Villager (Male) |
| 9:03 | Build | House |
| 9:11 | Create | Villager (Male) |
| 9:32 | Build | House |
| 9:35 | Create | Villager (Male) |
| 10:13 | Create | Villager (Male) |
| 10:33 | Create | Villager (Male) |
| 10:42 | Research | Feudal Age |
| 10:50 | Build | Mill |
| 11:24 | Build | Mining Camp |
| 12:33 | Build | Barracks |
| 12:55 | Age | Feudal Age |
| 12:58 | Create | Villager (Male) |
| 13:23 | Create | Villager (Male) |
| 13:34 | Build | Blacksmith |
| 13:43 | Create | Villager (Male) |
| 14:09 | Create | Villager (Male) |
| 14:17 | Build | Stable |
| 14:32 | Create | Villager (Male) |
| 15:08 | Create | Villager (Male) |
| 15:35 | Build | House |
| 15:41 | Create | Villager (Male) |
| 16:08 | Research | Castle Age |
| 16:13 | Create | Fire Galley |
| 16:43 | Research | Double-Bit Axe |
| 17:46 | Research | Horse Collar |
| 18:09 | Build | Farm |
| 18:10 | Create | Militia |
| 18:13 | Create | Militia |
| 18:15 | Build | Farm |
| 18:18 | Build | Farm |
| 18:21 | Build | Farm |
| 18:26 | Build | Farm |
| 18:36 | Create | Militia |
| 18:44 | Create | Villager (Male) |
| 18:45 | Create | Villager (Male) |
| 18:48 | Age | Castle Age |
| 18:57 | Build | Siege Workshop |
| 19:00 | Create | Militia |
| 19:18 | Create | Villager (Male) |
| 19:19 | Create | Militia |
| 19:22 | Build | Farm |
| 19:41 | Research | Forging |
| 19:45 | Create | Villager (Male) |
| 19:50 | Build | Farm |
| 19:51 | Create | Battering Ram |
| 19:55 | Create | Militia |
| 20:11 | Create | Militia |
| 20:15 | Research | Scale Mail Armor |
| 20:20 | Build | Farm |
| 20:35 | Create | Villager (Male) |
| 20:50 | Create | Battering Ram |
| 20:52 | Create | Militia |
| 20:54 | Create | Villager (Male) |
| 21:15 | Build | House |
| 21:18 | Create | Militia |
| 21:22 | Create | Villager (Male) |
| 21:22 | Create | Villager (Male) |
| 21:38 | Create | Militia |
| 21:40 | Create | Villager (Male) |
| 21:41 | Create | Villager (Male) |
| 21:46 | Build | House |
| 22:07 | Create | Militia |
| 22:08 | Create | Militia |
| 22:09 | Create | Battering Ram |
| 22:31 | Create | Battering Ram |
| 22:49 | Create | Militia |
| 23:01 | Create | Villager (Male) |
| 23:12 | Create | Militia |
| 23:12 | Create | Militia |
| 23:21 | Build | House |
Build order — NWGHOST7888
127 actions detected in the replay
| 0:12 | Build | Town Center |
| 0:51 | Build | Dock |
| 2:39 | Build | House |
| 2:40 | Create | Villager (Male) |
| 2:40 | Create | Villager (Male) |
| 2:49 | Create | Villager (Male) |
| 2:49 | Create | Villager (Male) |
| 3:33 | Create | Villager (Male) |
| 4:04 | Build | House |
| 4:33 | Create | Fishing Ship |
| 5:23 | Create | Villager (Male) |
| 5:25 | Create | Fishing Ship |
| 6:02 | Create | Villager (Male) |
| 6:10 | Create | Fishing Ship |
| 6:11 | Create | Villager (Male) |
| 6:35 | Research | Loom |
| 7:06 | Create | Villager (Male) |
| 7:28 | Create | Villager (Male) |
| 7:29 | Create | Villager (Male) |
| 7:30 | Create | Fishing Ship |
| 7:54 | Build | House |
| 7:56 | Create | Villager (Male) |
| 8:26 | Create | Villager (Male) |
| 8:52 | Create | Fishing Ship |
| 8:58 | Build | House |
| 9:15 | Create | Villager (Male) |
| 9:24 | Create | Villager (Male) |
| 9:55 | Create | Fishing Ship |
| 10:19 | Create | Villager (Male) |
| 10:36 | Build | Mill |
| 10:38 | Create | Villager (Male) |
| 11:12 | Create | Villager (Male) |
| 11:32 | Research | Feudal Age |
| 12:26 | Build | Mule Cart |
| 13:52 | Build | Market |
| 14:04 | Create | Villager (Male) |
| 14:06 | Research | Wheelbarrow |
| 14:12 | Build | House |
| 14:19 | Build | Blacksmith |
| 14:39 | Build | Mule Cart |
| 14:44 | Create | Villager (Male) |
| 14:59 | Build | House |
| 15:09 | Build | House |
| 15:30 | Build | Palisade Wall |
| 15:37 | Build | Palisade Wall |
| 15:39 | Build | Palisade Wall |
| 15:54 | Research | Castle Age |
| 16:09 | Build | Mule Cart |
| 16:50 | Research | Stone Mining |
| 17:14 | Build | Palisade Wall |
| 18:23 | Build | Palisade Wall |
| 18:41 | Create | Villager (Male) |
| 18:51 | Research | Horse Collar |
| 18:59 | Research | Double-Bit Axe |
| 20:04 | Research | Heavy Plow |
| 20:22 | Build | Castle |
| 20:32 | Create | Villager (Male) |
| 20:33 | Create | Villager (Male) |
| 20:38 | Build | Farm |
| 20:38 | Build | Farm |
| 20:38 | Build | Farm |
| 20:39 | Build | Farm |
| 20:39 | Build | Farm |
| 20:39 | Build | Farm |
| 21:23 | Build | Mule Cart |
| 21:32 | Build | Palisade Wall |
| 21:50 | Create | Villager (Male) |
| 21:50 | Create | Villager (Male) |
| 21:51 | Create | Villager (Male) |
| 22:01 | Create | Villager (Male) |
| 22:01 | Create | Villager (Male) |
| 22:06 | Build | Farm |
| 22:06 | Build | Farm |
| 22:06 | Build | Farm |
| 22:06 | Build | Farm |
| 22:06 | Build | Farm |
| 22:07 | Build | Farm |
| 22:27 | Build | Mule Cart |
| 22:51 | Build | Palisade Wall |
| 22:59 | Build | Palisade Gate |
| 23:04 | Create | Villager (Male) |
| 23:10 | Build | Farm |
| 23:10 | Build | Farm |
| 23:10 | Build | Farm |
| 23:11 | Build | Farm |
| 23:29 | Build | Monastery |
| 24:08 | Research | Hand Cart |
| 24:43 | Build | Town Center |
| 24:47 | Create | Villager (Male) |
| 24:47 | Create | Villager (Male) |
| 24:55 | Research | Bow Saw |
| 25:45 | Create | Villager (Male) |
| 25:45 | Create | Villager (Male) |
| 25:58 | Build | Town Center |
| 26:19 | Build | Palisade Wall |
| 26:43 | Create | Villager (Male) ×3 |
| 26:52 | Build | Farm |
| 26:52 | Build | Farm |
| 26:52 | Build | Farm |
| 26:52 | Build | Farm |
| 26:53 | Build | Farm |
| 26:53 | Build | Farm |
| 26:53 | Build | Farm |
| 26:53 | Build | Farm |
| 26:53 | Build | Farm |
| 26:55 | Build | Farm |
| 27:07 | Create | Villager (Male) ×3 |
| 27:07 | Create | Villager (Male) ×3 |
| 27:55 | Create | Villager (Male) ×4 |
| 27:56 | Create | Villager (Male) ×4 |
| 28:01 | Create | Villager (Male) ×2 |
| 28:01 | Create | Villager (Male) ×2 |
| 28:02 | Create | Villager (Male) ×2 |
| 28:19 | Build | Farm |
| 28:19 | Build | Farm |
| 28:20 | Build | Farm |
| 28:20 | Build | Farm |
| 28:20 | Build | Farm |
| 28:20 | Build | Farm |
| 28:21 | Build | Farm |
| 28:21 | Build | Farm |
| 28:38 | Create | Villager (Male) ×4 |
| 28:38 | Create | Villager (Male) ×4 |
| 28:45 | Build | Barracks |
| 29:13 | Create | Villager (Male) ×5 |
| 29:13 | Create | Villager (Male) ×5 |
| 29:14 | Create | Villager (Male) |
Build order — chiyansky
126 actions detected in the replay
| 0:05 | Build | Town Center |
| 1:12 | Build | House |
| 2:09 | Build | Dock |
| 2:30 | Create | Villager (Male) |
| 2:31 | Create | Villager (Male) |
| 2:31 | Create | Villager (Male) |
| 2:31 | Create | Villager (Male) |
| 2:31 | Create | Villager (Male) |
| 3:41 | Create | Fishing Ship |
| 3:41 | Create | Fishing Ship |
| 3:45 | Research | Loom |
| 4:11 | Build | House |
| 4:35 | Create | Villager (Male) |
| 4:35 | Create | Villager (Male) |
| 4:59 | Create | Villager (Male) |
| 4:59 | Create | Villager (Male) |
| 5:20 | Create | Villager (Male) |
| 5:55 | Create | Villager (Male) |
| 5:55 | Create | Villager (Male) |
| 6:00 | Build | House |
| 6:02 | Create | Villager (Male) |
| 6:03 | Create | Villager (Male) |
| 6:35 | Create | Villager (Male) |
| 6:48 | Create | Villager (Male) |
| 6:49 | Create | Villager (Male) |
| 6:49 | Create | Fishing Ship |
| 7:14 | Create | Villager (Male) |
| 7:15 | Create | Villager (Male) |
| 7:15 | Create | Villager (Male) |
| 7:20 | Create | Fishing Ship |
| 7:57 | Build | House |
| 8:05 | Create | Villager (Male) |
| 8:09 | Create | Fishing Ship |
| 8:11 | Create | Villager (Male) |
| 8:42 | Build | House |
| 8:59 | Create | Villager (Male) |
| 9:00 | Create | Fishing Ship |
| 9:21 | Create | Villager (Male) |
| 9:31 | Build | Mining Camp |
| 9:53 | Create | Fishing Ship |
| 9:53 | Create | Fishing Ship |
| 10:02 | Build | House |
| 10:26 | Create | Villager (Male) |
| 10:39 | Create | Fishing Ship |
| 10:47 | Research | Feudal Age |
| 11:14 | Build | House |
| 12:02 | Build | Mill |
| 13:05 | Age | Feudal Age |
| 13:10 | Build | Market |
| 13:12 | Build | Blacksmith |
| 13:13 | Create | Villager (Male) |
| 13:13 | Create | Villager (Male) |
| 13:42 | Build | Mining Camp |
| 14:02 | Research | Castle Age |
| 14:26 | Build | Lumber Camp |
| 14:53 | Research | Fletching |
| 15:00 | Create | Fishing Ship |
| 15:12 | Research | Double-Bit Axe |
| 15:43 | Create | Villager (Male) |
| 15:43 | Create | Villager (Male) |
| 16:43 | Age | Castle Age |
| 16:49 | Create | Villager (Male) |
| 16:50 | Create | Villager (Male) |
| 16:50 | Create | Villager (Male) |
| 16:50 | Create | Villager (Male) |
| 17:14 | Build | Castle |
| 17:23 | Research | Bodkin Arrow |
| 18:02 | Build | House |
| 18:05 | Build | House |
| 18:17 | Build | Town Center |
| 18:40 | Create | Mangudai |
| 18:40 | Create | Mangudai |
| 19:02 | Create | Mangudai |
| 19:03 | Create | Mangudai |
| 19:23 | Create | Mangudai |
| 20:14 | Create | Villager (Male) |
| 20:15 | Create | Villager (Male) |
| 20:50 | Build | Town Center |
| 21:34 | Create | Mangudai |
| 21:34 | Create | Mangudai |
| 21:34 | Create | Mangudai |
| 22:50 | Create | Mangudai |
| 22:50 | Create | Mangudai |
| 23:03 | Create | Villager (Male) |
| 23:03 | Create | Villager (Male) |
| 23:03 | Create | Villager (Male) |
| 23:19 | Build | Town Center |
| 23:26 | Create | Villager (Male) |
| 23:27 | Create | Villager (Male) |
| 23:28 | Research | Horse Collar |
| 24:10 | Create | Mangudai |
| 24:10 | Create | Mangudai |
| 24:10 | Create | Mangudai |
| 24:11 | Create | Villager (Male) |
| 24:11 | Create | Villager (Male) |
| 24:12 | Create | Villager (Male) |
| 24:21 | Research | Town Watch |
| 24:23 | Create | Villager (Male) |
| 24:23 | Create | Villager (Male) |
| 24:44 | Create | Villager (Male) |
| 24:45 | Create | Villager (Male) |
| 24:49 | Create | Villager (Male) |
| 25:22 | Create | Villager (Male) |
| 25:23 | Create | Villager (Male) |
| 25:31 | Create | Villager (Male) |
| 25:33 | Create | Villager (Male) |
| 25:34 | Create | Villager (Male) |
| 25:34 | Create | Mangudai |
| 25:34 | Create | Mangudai |
| 26:13 | Create | Villager (Male) |
| 26:14 | Create | Villager (Male) |
| 26:41 | Build | Castle |
| 26:47 | Create | Mangudai |
| 26:47 | Create | Mangudai |
| 26:59 | Build | Castle |
| 28:09 | Create | Villager (Male) |
| 28:09 | Create | Villager (Male) |
| 28:09 | Create | Villager (Male) |
| 28:09 | Create | Villager (Male) |
| 28:10 | Create | Villager (Male) |
| 28:10 | Create | Villager (Male) |
| 28:10 | Create | Villager (Male) |
| 28:11 | Create | Villager (Male) |
| 28:33 | Create | Villager (Male) |
| 28:33 | Create | Villager (Male) |
| 28:53 | Create | Villager (Male) |
Build order — alien_jr
147 actions detected in the replay
| 0:58 | Build | Town Center |
| 1:27 | Build | House |
| 1:49 | Build | Dock |
| 3:18 | Create | Villager (Male) |
| 3:19 | Create | Villager (Male) |
| 3:19 | Create | Villager (Male) |
| 3:22 | Create | Villager (Male) |
| 3:22 | Create | Villager (Male) |
| 4:25 | Create | Fishing Ship |
| 4:25 | Create | Fishing Ship |
| 4:44 | Create | Villager (Male) |
| 5:19 | Research | Loom |
| 5:20 | Create | Fishing Ship |
| 6:03 | Create | Fishing Ship |
| 6:33 | Create | Villager (Male) |
| 6:41 | Build | House |
| 6:50 | Create | Villager (Male) |
| 7:32 | Create | Villager (Male) |
| 8:10 | Build | House |
| 8:23 | Create | Villager (Male) |
| 8:37 | Create | Villager (Male) |
| 8:58 | Create | Fishing Ship |
| 9:02 | Create | Villager (Male) |
| 9:20 | Build | House |
| 9:33 | Create | Villager (Male) |
| 9:43 | Create | Fishing Ship |
| 9:53 | Create | Villager (Male) |
| 10:22 | Create | Villager (Male) |
| 10:31 | Create | Villager (Male) |
| 10:43 | Create | Villager (Male) |
| 10:58 | Create | Villager (Male) |
| 11:25 | Build | Lumber Camp |
| 11:50 | Research | Feudal Age |
| 11:50 | Research | Feudal Age |
| 12:08 | Build | Dock |
| 12:26 | Build | House |
| 12:47 | Build | Barracks |
| 12:58 | Create | Villager (Male) |
| 13:36 | Build | Mill |
| 13:51 | Create | Villager (Male) |
| 14:00 | Age | Feudal Age |
| 14:04 | Build | Archery Range |
| 14:08 | Research | Double-Bit Axe |
| 14:28 | Create | Fishing Ship |
| 14:29 | Create | Fishing Ship |
| 14:39 | Build | House |
| 14:48 | Create | Fishing Ship |
| 14:56 | Create | Archer |
| 15:24 | Create | Villager (Male) |
| 15:47 | Build | Mining Camp |
| 15:49 | Create | Villager (Male) |
| 15:56 | Create | Fishing Ship |
| 16:03 | Create | Villager (Male) |
| 16:06 | Build | House |
| 16:13 | Research | Town Watch |
| 16:18 | Build | House |
| 16:18 | Build | House |
| 16:38 | Create | Archer |
| 16:41 | Create | Villager (Male) |
| 16:56 | Create | Villager (Male) |
| 17:02 | Create | Fishing Ship |
| 17:03 | Create | Fishing Ship |
| 17:13 | Create | Spearman |
| 17:16 | Create | Archer |
| 17:25 | Create | Villager (Male) |
| 17:39 | Create | Villager (Male) |
| 18:19 | Build | Town Center |
| 18:34 | Create | Villager (Male) |
| 18:34 | Create | Villager (Male) |
| 18:48 | Create | Villager (Male) |
| 19:11 | Build | House |
| 19:20 | Create | Villager (Male) |
| 19:29 | Create | Villager (Male) |
| 19:57 | Create | Villager (Male) |
| 20:09 | Create | Villager (Male) |
| 20:09 | Create | Villager (Male) |
| 20:30 | Create | Villager (Male) |
| 20:35 | Create | Villager (Male) |
| 20:55 | Create | Villager (Male) |
| 21:12 | Create | Villager (Male) |
| 21:44 | Build | Town Center |
| 21:52 | Create | Villager (Male) |
| 21:59 | Create | Fishing Ship |
| 21:59 | Create | Fishing Ship |
| 21:59 | Create | Fishing Ship |
| 22:16 | Create | Fishing Ship |
| 22:16 | Create | Villager (Male) |
| 22:55 | Create | Villager (Male) |
| 22:55 | Create | Villager (Male) |
| 22:55 | Create | Villager (Male) |
| 22:59 | Create | Villager (Male) |
| 23:09 | Create | Villager (Male) |
| 23:16 | Build | Market |
| 23:21 | Create | Villager (Male) |
| 23:22 | Create | Villager (Male) |
| 24:21 | Build | Mill |
| 24:23 | Build | Farm |
| 24:24 | Build | Farm |
| 24:26 | Build | Farm |
| 24:32 | Create | Villager (Male) |
| 24:33 | Create | Villager (Male) |
| 24:36 | Build | Lumber Camp |
| 24:44 | Research | Castle Age |
| 24:49 | Build | Farm |
| 24:50 | Build | Farm |
| 24:51 | Build | Farm |
| 24:58 | Create | Villager (Male) |
| 24:58 | Create | Villager (Male) |
| 24:59 | Create | Villager (Male) |
| 25:04 | Build | House |
| 25:05 | Build | House |
| 25:09 | Build | House |
| 25:13 | Create | Villager (Male) |
| 25:15 | Build | Farm |
| 25:36 | Create | Villager (Male) |
| 25:37 | Create | Villager (Male) |
| 25:37 | Create | Villager (Male) |
| 26:15 | Build | Archery Range |
| 26:20 | Create | Skirmisher |
| 26:20 | Create | Skirmisher |
| 26:20 | Create | Skirmisher |
| 26:33 | Build | House |
| 26:34 | Build | House |
| 26:39 | Build | House |
| 26:40 | Build | House |
| 26:48 | Build | Farm |
| 26:55 | Create | Villager (Male) |
| 27:16 | Create | Villager (Male) |
| 27:20 | Create | Fishing Ship |
| 27:21 | Research | Tech 906 |
| 27:24 | Age | Castle Age |
| 27:26 | Build | House |
| 27:35 | Build | Farm |
| 27:40 | Build | Farm |
| 27:48 | Build | Farm |
| 27:52 | Create | Villager (Male) |
| 27:57 | Create | Villager (Male) |
| 28:09 | Build | Monastery |
| 28:16 | Build | Farm |
| 28:17 | Build | Farm |
| 28:21 | Create | Villager (Male) |
| 28:38 | Create | Villager (Male) |
| 28:45 | Build | University |
| 28:49 | Build | Farm |
| 28:51 | Create | Villager (Male) |
| 28:51 | Create | Villager (Male) |
| 29:01 | Build | Lumber Camp |
Build order — Criminalss
First 150 of 202 actions detected
| 0:03 | Build | Town Center |
| 1:20 | Build | Dock |
| 2:24 | Create | Villager (Male) |
| 2:24 | Create | Villager (Male) |
| 2:25 | Create | Villager (Male) |
| 2:25 | Create | Villager (Male) |
| 2:25 | Create | Villager (Male) |
| 2:34 | Build | House |
| 3:32 | Research | Loom |
| 3:42 | Create | Villager (Male) |
| 3:42 | Create | Villager (Male) |
| 3:45 | Create | Fishing Ship |
| 3:46 | Create | Fishing Ship |
| 3:57 | Create | Villager (Male) |
| 4:09 | Build | House |
| 4:44 | Create | Fishing Ship |
| 4:44 | Create | Fishing Ship |
| 5:30 | Create | Villager (Male) |
| 5:31 | Create | Villager (Male) |
| 5:48 | Create | Fishing Ship |
| 5:49 | Create | Fishing Ship |
| 5:56 | Create | Villager (Male) |
| 5:56 | Create | Villager (Male) |
| 6:17 | Build | House |
| 6:22 | Create | Villager (Male) |
| 6:22 | Create | Villager (Male) |
| 7:09 | Create | Villager (Male) |
| 7:09 | Create | Villager (Male) |
| 7:09 | Create | Villager (Male) |
| 7:10 | Create | Fishing Ship |
| 7:11 | Create | Fishing Ship |
| 7:43 | Create | Villager (Male) |
| 7:44 | Create | Villager (Male) |
| 7:51 | Create | Villager (Male) |
| 7:52 | Create | Villager (Male) |
| 7:57 | Build | House |
| 8:02 | Create | Fishing Ship |
| 8:24 | Create | Villager (Male) |
| 8:24 | Create | Villager (Male) |
| 8:39 | Create | Fishing Ship |
| 8:39 | Create | Fishing Ship |
| 9:01 | Create | Villager (Male) |
| 9:14 | Create | Villager (Male) |
| 9:19 | Build | House |
| 9:34 | Create | Fishing Ship |
| 9:59 | Create | Villager (Male) |
| 9:59 | Create | Villager (Male) |
| 10:00 | Create | Fishing Ship |
| 10:00 | Create | Fishing Ship |
| 10:06 | Create | Villager (Male) |
| 10:30 | Build | Mining Camp |
| 10:47 | Build | House |
| 10:53 | Create | Fishing Ship |
| 10:55 | Create | Villager (Male) |
| 11:25 | Create | Villager (Male) |
| 11:29 | Create | Fishing Ship |
| 11:33 | Research | Feudal Age |
| 12:07 | Build | House |
| 12:34 | Create | Fishing Ship |
| 12:47 | Build | Dock |
| 12:57 | Build | Lumber Camp |
| 13:35 | Build | Mill |
| 13:54 | Age | Feudal Age |
| 13:58 | Create | Galley |
| 14:07 | Create | Galley |
| 14:10 | Create | Villager (Male) |
| 14:10 | Create | Villager (Male) |
| 14:15 | Create | Villager (Male) |
| 14:17 | Build | House |
| 14:39 | Create | Galley |
| 14:45 | Build | House |
| 14:48 | Create | Villager (Male) |
| 15:09 | Create | Galley |
| 15:34 | Build | Blacksmith |
| 15:49 | Create | Villager (Male) |
| 15:52 | Create | Villager (Male) |
| 16:04 | Create | Galley |
| 16:16 | Research | Double-Bit Axe |
| 16:16 | Research | Double-Bit Axe |
| 16:19 | Create | Villager (Male) |
| 16:23 | Research | Fletching |
| 16:28 | Build | House |
| 16:30 | Create | Galley |
| 16:35 | Create | Villager (Male) |
| 17:09 | Build | Market |
| 17:21 | Create | Villager (Male) |
| 17:27 | Create | Galley |
| 17:32 | Create | Galley |
| 17:33 | Create | Galley |
| 17:47 | Build | House |
| 17:59 | Research | Castle Age |
| 18:00 | Research | Castle Age |
| 18:06 | Build | Mining Camp |
| 18:11 | Create | Galley |
| 18:20 | Create | Galley |
| 18:37 | Build | House |
| 19:18 | Create | Galley |
| 19:19 | Create | Galley |
| 20:11 | Build | House |
| 20:39 | Age | Castle Age |
| 20:42 | Build | Town Center |
| 20:47 | Build | Town Center |
| 20:49 | Create | Villager (Male) |
| 20:49 | Create | Villager (Male) |
| 20:52 | Research | Bow Saw |
| 21:00 | Create | Villager (Male) |
| 21:36 | Research | War Galley (upgrade) |
| 21:37 | Create | Villager (Male) |
| 21:37 | Create | Villager (Male) |
| 21:42 | Create | Villager (Male) |
| 21:54 | Research | Horse Collar |
| 22:01 | Research | Bodkin Arrow |
| 22:09 | Build | Lumber Camp |
| 22:21 | Build | House |
| 22:35 | Create | Villager (Male) |
| 22:36 | Create | Villager (Male) |
| 22:38 | Create | Villager (Male) |
| 22:39 | Create | Villager (Male) |
| 22:43 | Create | Villager (Male) |
| 22:50 | Build | Farm |
| 22:51 | Build | Farm |
| 22:52 | Build | Farm |
| 22:53 | Build | Farm |
| 22:54 | Build | Farm |
| 22:55 | Build | Farm |
| 23:00 | Create | Villager (Male) |
| 23:50 | Create | Villager (Male) |
| 23:56 | Build | Farm |
| 23:57 | Build | Farm |
| 23:58 | Build | Farm |
| 24:00 | Build | Farm |
| 24:01 | Build | Farm |
| 24:02 | Build | Farm |
| 24:06 | Build | Farm |
| 24:07 | Build | Farm |
| 24:08 | Build | Farm |
| 24:10 | Build | Farm |
| 24:10 | Build | Farm |
| 24:12 | Build | Farm |
| 24:17 | Build | Farm |
| 24:21 | Create | Villager (Male) |
| 24:22 | Create | Villager (Male) |
| 24:23 | Create | Villager (Male) |
| 24:23 | Create | Villager (Male) |
| 24:26 | Create | Villager (Male) |
| 24:26 | Create | Villager (Male) |
| 24:35 | Build | House |
| 24:46 | Research | Heavy Plow |
| 24:56 | Create | Villager (Male) |
| 25:08 | Build | House |
Build order — The_ Rock
129 actions detected in the replay
| 0:36 | Build | Town Center |
| 0:48 | Build | Dock |
| 2:58 | Create | Villager (Male) |
| 2:58 | Create | Villager (Male) |
| 2:59 | Create | Villager (Male) |
| 2:59 | Create | Villager (Male) |
| 3:00 | Build | House |
| 4:00 | Create | Villager (Male) |
| 4:22 | Create | Fishing Ship |
| 4:28 | Build | House |
| 5:07 | Research | Loom |
| 5:24 | Create | Villager (Male) |
| 5:25 | Create | Fishing Ship |
| 5:58 | Create | Fishing Ship |
| 6:16 | Create | Villager (Male) |
| 6:44 | Create | Villager (Male) |
| 6:49 | Build | House |
| 7:02 | Create | Villager (Male) |
| 7:02 | Create | Villager (Male) |
| 7:04 | Create | Fishing Ship |
| 7:26 | Build | House |
| 7:33 | Create | Villager (Male) |
| 8:03 | Create | Villager (Male) |
| 8:03 | Create | Villager (Male) |
| 8:16 | Build | House |
| 8:35 | Create | Fishing Ship |
| 8:43 | Create | Villager (Male) |
| 8:44 | Build | House |
| 9:27 | Build | Mill |
| 9:29 | Create | Villager (Male) |
| 9:51 | Create | Villager (Male) |
| 10:13 | Create | Villager (Male) |
| 10:37 | Build | Dock |
| 10:53 | Create | Villager (Male) |
| 11:14 | Build | Mining Camp |
| 11:21 | Research | Feudal Age |
| 11:21 | Research | Feudal Age |
| 13:29 | Build | House |
| 13:31 | Age | Feudal Age |
| 13:38 | Build | Market |
| 13:39 | Create | Villager (Male) |
| 13:40 | Create | Villager (Male) |
| 13:43 | Build | Blacksmith |
| 14:10 | Create | Villager (Male) |
| 14:30 | Create | Unit 2626 |
| 14:35 | Create | Villager (Male) |
| 15:00 | Research | Castle Age |
| 15:05 | Build | Mining Camp |
| 15:21 | Build | House |
| 16:10 | Create | Villager (Male) |
| 16:13 | Build | House |
| 16:26 | Create | Villager (Male) |
| 17:34 | Create | Villager (Male) |
| 17:40 | Age | Castle Age |
| 17:54 | Create | Villager (Male) |
| 18:19 | Create | Villager (Male) |
| 18:36 | Build | Castle |
| 18:45 | Research | Scale Barding Armor |
| 18:47 | Create | Villager (Male) |
| 19:10 | Build | House |
| 19:17 | Build | Palisade Wall |
| 19:59 | Create | Unit 1949 |
| 19:59 | Create | Unit 1949 |
| 20:01 | Create | Unit 1949 |
| 20:38 | Create | Unit 2626 |
| 20:40 | Create | Villager (Male) |
| 20:57 | Create | Unit 1949 |
| 21:00 | Create | Villager (Male) |
| 21:00 | Create | Villager (Male) |
| 21:04 | Build | Town Center |
| 21:39 | Create | Villager (Male) |
| 21:59 | Create | Unit 1949 |
| 22:05 | Create | Villager (Male) |
| 22:08 | Create | Villager (Male) |
| 22:34 | Create | Villager (Male) |
| 22:39 | Create | Villager (Male) |
| 22:43 | Create | Fishing Ship |
| 22:43 | Create | Fishing Ship |
| 22:57 | Build | Town Center |
| 23:24 | Create | Villager (Male) |
| 24:09 | Build | Farm |
| 24:09 | Build | Farm |
| 24:10 | Build | Farm |
| 24:10 | Build | Farm |
| 24:10 | Build | Farm |
| 24:10 | Build | Farm |
| 24:11 | Build | Farm |
| 24:11 | Build | Farm |
| 24:11 | Build | Farm |
| 24:58 | Create | Villager (Male) |
| 25:21 | Build | Farm |
| 25:21 | Build | Farm |
| 25:21 | Build | Farm |
| 25:22 | Build | Farm |
| 25:22 | Build | Farm |
| 25:23 | Create | Villager (Male) |
| 25:24 | Create | Villager (Male) |
| 25:31 | Create | Villager (Male) |
| 26:11 | Create | Villager (Male) |
| 26:15 | Create | Unit 1949 |
| 26:15 | Create | Unit 1949 |
| 26:28 | Create | Villager (Male) |
| 26:52 | Create | Villager (Male) |
| 26:55 | Create | Unit 1949 |
| 27:12 | Create | Unit 1949 |
| 27:23 | Build | Farm |
| 27:25 | Create | Villager (Male) |
| 27:29 | Create | Villager (Male) |
| 27:34 | Build | Farm |
| 27:34 | Build | Farm |
| 27:34 | Build | Farm |
| 27:35 | Build | Farm |
| 27:35 | Build | Farm |
| 27:35 | Build | Farm |
| 27:39 | Create | Villager (Male) |
| 27:43 | Build | Farm |
| 27:50 | Build | Outpost |
| 28:04 | Create | Unit 1949 |
| 28:07 | Create | Villager (Male) |
| 28:07 | Create | Villager (Male) |
| 28:32 | Create | Villager (Male) |
| 28:33 | Create | Villager (Male) |
| 28:34 | Create | Villager (Male) |
| 28:36 | Create | Villager (Male) |
| 28:43 | Create | Villager (Male) |
| 28:46 | Build | Farm |
| 29:07 | Create | Villager (Male) |
| 29:24 | Create | Villager (Male) |
| 29:24 | Create | Villager (Male) |
Build order — HD_JAGUAR
113 actions detected in the replay
| 0:28 | Build | Town Center |
| 1:13 | Build | Dock |
| 1:17 | Build | House |
| 2:44 | Create | Villager (Male) |
| 3:01 | Create | Villager (Male) |
| 3:12 | Create | Villager (Male) |
| 3:14 | Create | Villager (Male) |
| 3:31 | Research | Loom |
| 3:42 | Build | Palisade Wall |
| 3:46 | Build | Palisade Wall |
| 3:48 | Build | Palisade Wall |
| 3:50 | Build | Palisade Wall |
| 3:51 | Build | Palisade Wall |
| 4:04 | Create | Villager (Male) |
| 4:09 | Research | Loom |
| 4:38 | Create | Fishing Ship |
| 5:09 | Build | House |
| 5:16 | Create | Villager (Male) |
| 5:56 | Create | Villager (Male) |
| 6:01 | Create | Fishing Ship |
| 6:12 | Build | House |
| 6:14 | Create | Villager (Male) |
| 6:37 | Create | Villager (Male) |
| 6:56 | Create | Fishing Ship |
| 7:10 | Create | Villager (Male) |
| 7:25 | Create | Fishing Ship |
| 7:34 | Build | House |
| 7:41 | Create | Villager (Male) |
| 7:51 | Build | Mill |
| 8:06 | Create | Fishing Ship |
| 8:08 | Create | Villager (Male) |
| 8:44 | Create | Villager (Male) |
| 8:47 | Create | Fishing Ship |
| 8:53 | Build | House |
| 9:13 | Create | Fishing Ship |
| 9:21 | Create | Villager (Male) |
| 9:21 | Create | Villager (Male) |
| 10:01 | Create | Fishing Ship |
| 10:03 | Create | Villager (Male) |
| 10:23 | Create | Villager (Male) |
| 11:21 | Research | Feudal Age |
| 11:42 | Build | House |
| 12:01 | Build | Mining Camp |
| 13:31 | Age | Feudal Age |
| 13:33 | Create | Villager (Male) |
| 13:35 | Create | Villager (Male) |
| 13:42 | Build | Market |
| 13:46 | Build | Blacksmith |
| 15:04 | Research | Castle Age |
| 15:28 | Build | Mining Camp |
| 16:37 | Build | Lumber Camp |
| 17:44 | Age | Castle Age |
| 17:49 | Create | Villager (Male) |
| 18:00 | Build | Castle |
| 18:11 | Create | Villager (Male) |
| 18:15 | Research | Double-Bit Axe |
| 18:17 | Research | Padded Archer Armor |
| 18:28 | Create | Villager (Male) |
| 18:45 | Build | Mining Camp |
| 18:54 | Create | Conquistador |
| 18:54 | Create | Conquistador |
| 19:57 | Research | Fletching |
| 20:09 | Create | Villager (Male) |
| 20:22 | Build | Town Center |
| 20:34 | Create | Conquistador |
| 20:40 | Create | Villager (Male) |
| 21:16 | Create | Conquistador |
| 22:31 | Create | Villager (Male) |
| 22:32 | Create | Villager (Male) |
| 22:32 | Create | Villager (Male) |
| 22:34 | Build | Farm |
| 22:35 | Build | Farm |
| 22:35 | Build | Farm |
| 22:35 | Build | Farm |
| 22:35 | Build | Farm |
| 22:36 | Build | Farm |
| 22:39 | Create | Villager (Male) |
| 22:41 | Create | Villager (Male) |
| 23:03 | Create | Villager (Male) |
| 24:18 | Create | Villager (Male) |
| 24:19 | Create | Villager (Male) |
| 24:19 | Create | Villager (Male) |
| 24:32 | Create | Conquistador |
| 24:33 | Create | Conquistador |
| 24:47 | Create | Villager (Male) |
| 25:17 | Create | Conquistador |
| 25:17 | Create | Conquistador |
| 25:25 | Build | Town Center |
| 25:32 | Create | Villager (Male) |
| 26:02 | Create | Villager (Male) |
| 26:11 | Research | Leather Archer Armor |
| 26:20 | Create | Villager (Male) |
| 26:22 | Create | Villager (Male) |
| 26:26 | Build | Farm |
| 26:26 | Build | Farm |
| 26:26 | Build | Farm |
| 26:28 | Build | Farm |
| 26:29 | Build | Farm |
| 26:29 | Build | Farm |
| 26:31 | Create | Villager (Male) |
| 28:31 | Create | Conquistador |
| 28:31 | Create | Conquistador |
| 28:31 | Create | Conquistador |
| 28:31 | Create | Conquistador |
| 28:37 | Create | Villager (Male) |
| 28:37 | Create | Villager (Male) |
| 28:42 | Create | Villager (Male) |
| 28:42 | Create | Villager (Male) |
| 28:42 | Create | Villager (Male) |
| 28:46 | Create | Villager (Male) |
| 29:00 | Build | Castle |
| 29:05 | Create | Villager (Male) |
| 29:12 | Create | Villager (Male) |
Match timeline
| 0:48 | The_ Rock · first_building Dock |
| 0:51 | NWGHOST7888 · first_building Dock |
| 1:13 | HD_JAGUAR · first_building Dock |
| 1:20 | Criminalss · first_building Dock |
| 1:36 | Neinkaiser · first_building Dock |
| 1:49 | alien_jr · first_building Dock |
| 2:09 | chiyansky · first_building Dock |
| 3:42 | HD_JAGUAR · wall_segment Palisade Wall x1 |
| 3:46 | HD_JAGUAR · wall_segment Palisade Wall x1 |
| 3:48 | HD_JAGUAR · wall_segment Palisade Wall x1 |
| 3:50 | HD_JAGUAR · wall_segment Palisade Wall x1 |
| 3:51 | HD_JAGUAR · wall_segment Palisade Wall x1 |
| 12:33 | Neinkaiser · first_building Barracks |
| 12:47 | alien_jr · first_building Barracks |
| 12:55 | Neinkaiser · age_up feudal |
| 13:05 | chiyansky · age_up feudal |
| 13:30 | JereMafia DonKara · age_up feudal |
| 13:31 | The_ Rock · age_up feudal |
| 13:31 | HD_JAGUAR · age_up feudal |
| 13:54 | Criminalss · age_up feudal |
| 14:00 | alien_jr · age_up feudal |
| 14:04 | alien_jr · first_building Archery Range |
| 14:17 | Neinkaiser · first_building Stable |
| 15:14 | JereMafia DonKara · first_market_sell 100 stone |
| 15:17 | JereMafia DonKara · first_market_buy 100 food |
| 15:30 | NWGHOST7888 · wall_segment Palisade Wall x5 |
| 15:37 | NWGHOST7888 · wall_segment Palisade Wall x3 |
| 15:39 | NWGHOST7888 · wall_segment Palisade Wall x4 |
| 15:52 | NWGHOST7888 · first_market_sell 100 food |
| 16:43 | chiyansky · age_up castle |
| 17:14 | chiyansky · first_building Castle |
| 17:14 | NWGHOST7888 · wall_segment Palisade Wall x5 |
| 17:40 | The_ Rock · age_up castle |
| 17:44 | HD_JAGUAR · age_up castle |
| 17:52 | HD_JAGUAR · first_market_buy 100 stone |
| 18:00 | HD_JAGUAR · first_building Castle |
| 18:17 | JereMafia DonKara · age_up castle |
| 18:23 | NWGHOST7888 · wall_segment Palisade Wall x14 |
| 18:36 | The_ Rock · first_building Castle |
| 18:43 | JereMafia DonKara · first_building Castle |
| 18:48 | Neinkaiser · age_up castle |
| 18:57 | Neinkaiser · first_building Siege Workshop |
| 19:17 | The_ Rock · wall_segment Palisade Wall x1 |
| 20:22 | NWGHOST7888 · first_building Castle |
| 20:39 | Criminalss · age_up castle |
| 21:32 | NWGHOST7888 · wall_segment Palisade Wall x1 |
| 21:33 | chiyansky · first_market_sell 100 food |
| 22:51 | NWGHOST7888 · wall_segment Palisade Wall x21 |
| 23:29 | NWGHOST7888 · first_building Monastery |
| 23:35 | JereMafia DonKara · resign |
| 24:28 | NWGHOST7888 · first_market_buy 100 wood |
| 25:39 | Criminalss · first_market_buy 100 stone |
| 25:47 | Criminalss · first_building Castle |
| 26:19 | NWGHOST7888 · wall_segment Palisade Wall x11 |
| 27:11 | Criminalss · first_building Barracks |
| 27:24 | alien_jr · age_up castle |
| 28:09 | alien_jr · first_building Monastery |
| 28:13 | Criminalss · first_building Stable |
| 28:45 | NWGHOST7888 · first_building Barracks |
| 29:08 | alien_jr · first_market_buy 100 food |
[ AI ANALYSIS · 1 CREDIT ]
What really happened in this match?
Wolo.gg analyzes every decision: build order, eco, micro, common mistakes by bracket. Personalized analysis on WhatsApp or Discord in 30 seconds.
Civ guide
Chinese
Perfil
Jugador #19620247